Map: Kairos Junction LE

Players

MajorPayne

  • Race: Terran Terran
  • League: Platinum
  • Spawn Location: 11:00

Woah - Winner!

  • Race: Terran Terran
  • Spawn Location: 5:00

VOD

Have the link to the VOD?

Description

Time

  • Played on: June 12, 2019, 2:35 a.m.
  • Length: 7:30
Show
View Real Time Build Order
Export as new Build Order

MajorPayne Terran 

Build Orders:  

Get SALT Encoding   

  12  0:02  SCV  
  13  0:14  SCV  
  13  0:17  Supply Depot  
  14  0:26  Refinery  
  14  0:29  SCV  
  15  0:41  Barracks  
  15  0:45  SCV  
  16  0:57  SCV  
  17  1:09  SCV  
  18  1:11  Refinery  
  18  1:22  SCV  
  19  1:29  Supply Depot  
  19  1:33  Factory  
  19  1:35  SCV  
  19  1:38  Barracks Tech Lab  
  20  1:47  SCV  
  21  1:59  SCV  
  22  2:06  Factory  
  22  2:11  SCV  
  23  2:15  Barracks Tech Lab  
  23  2:17  Factory Tech Lab  
  23  2:21  Barracks  
  23  2:25  SCV  
  24  2:34  Barracks  
  24  2:45  Orbital Command  
  24  2:51  Combat Shield  
  24  3:02  Siege Tank  
  27  3:17  Marine  
  26  3:34  Marine  
  25  3:50  SCV  
  25  3:52  Marine  
  27  4:02  SCV  
  28  4:22  Command Center, Siege Tank  
  31  4:27  Supply Depot  
  31  4:30  Barracks Reactor  
  31  4:31  Barracks Reactor  
  31  4:48  Marine  
  31  4:49  SCV, Supply Depot  
  33  5:04  SCV  
  33  5:06  Marine  
  35  5:14  Engineering Bay  
  35  5:16  SCV  
  36  5:29  SCV  
  33  5:41  SCV  
  31  5:52  Marine x5  
  31  5:53  SCV  
  37  6:01  Refinery  
  37  6:06  Refinery  
  36  6:15  Orbital Command  
  36  6:46  SCV  
  38  6:47  SCV  
  38  6:55  Marine  
  38  6:56  Marine x3  
  38  6:58  SCV  
  38  6:59  SCV  
  40  7:10  SCV  
  40  7:11  SCV  
Show
View Real Time Build Order
Export as new Build Order

Woah Terran - Winner!

Build Orders: Liberator Opening 

Get SALT Encoding   

  12  0:01  SCV  
  13  0:13  SCV  
  14  0:17  Supply Depot  
  14  0:27  Refinery  
  14  0:28  SCV  
  15  0:42  Barracks  
  15  0:44  SCV  
  16  0:53  Refinery  
  16  1:00  SCV  
  17  1:12  SCV  
  18  1:24  SCV  
  19  1:29  Factory  
  19  1:38  Reaper  
  20  1:44  Orbital Command  
  20  2:04  Supply Depot  
  20  2:09  SCV  
  20  2:11  Reaper  
  22  2:21  SCV  
  23  2:39  SCV, Command Center  
  24  2:46  Starport  
  24  2:47  Factory Tech Lab  
  24  2:50  Barracks Reactor  
  24  2:58  Supply Depot  
  24  3:00  SCV  
  25  3:27  SCV  
  25  3:40  Liberator x2  
  24  4:02  Barracks Reactor  
  30  4:03  Barracks  
  30  4:07  Command Center  
  30  4:08  Orbital Command  
  30  4:11  SCV  
  31  4:24  SCV  
  31  4:26  Siege Tank  
  35  4:38  SCV  
  35  4:40  SCV, Refinery  
  37  4:47  Marine x2  
  37  4:52  Engineering Bay  
  39  4:54  SCV x2  
  41  5:01  Siege Tank  
  41  5:05  Marine x2  
  46  5:08  SCV  
  46  5:09  SCV  
  48  5:16  Barracks Tech Lab  
  48  5:19  Orbital Command  
  48  5:20  SCV  
  49  5:23  Marine x2  
  51  5:33  Liberator x2  
  51  5:49  Orbital Command  
  51  5:55  SCV x2  
  59  5:57  Siege Tank  
  59  5:58  Marine x2  
  64  6:04  Supply Depot, Barracks  
  64  6:05  Barracks  
  64  6:13  Barracks  
  64  6:16  SCV, Marine  
  64  6:17  SCV  
  61  6:56  SCV x2  
  61  7:00  Barracks  
  63  7:01  Barracks  
  63  7:07  Command Center  
Tags
 
League
Platinum
Matchup
TvT
Race
Terran
Replay Pack
r1
Spawn Locations
Cross Positions
Add a new tag
Caveats
  • Supply blocks, unpowered buildings, or Contaminate may cause inaccurate times.
  • Supply counts are checked every 10 seconds.